 Dungeon Crawl Stone Soup version 0.26-a0-1040-gbe3abf3417 (webtiles) character file.

Game seed: 10397195451745302538

1893 polelong the Geomancer (level 9, -6/47 HPs)
             Began as a Gargoyle Earth Elementalist on Dec 11, 2020.
             Mangled by Grum
             ... wielding a -2 spear
              (11 damage)
             ... on level 8 of the Dungeon.
             The game lasted 01:02:27 (9363 turns).

polelong the Geomancer (GrEE)                       Turns: 9363, Time: 01:02:28

Health: -6/47      AC: 17    Str:  5 (12) XL:     9   Next: 15%
Magic:  4/18       EV: 11    Int: 10 (24) God:
Gold:   41         SH:  0    Dex:  8 (10) Spells: 5/20 levels left

rFire    . . .     SeeInvis .   G - +1 short sword (holy)
rCold    . . .     Faith    .   (no shield)
rNeg     + . .     Spirit   .   x - +2 leather armour "Hyiraf" {rPois}
rPois    ∞         Reflect  .   (no helmet)
rElec    +         Harm     .   y - +3 cloak "Buusifiu" {Int+5}
rCorr    .         Rampage  .   E - +0 pair of gloves
Will     .....                  (no boots)
Stlth    +++.......             (no amulet)
HPRegen  0.15/turn              m - ring of stealth
MPRegen  0.16/turn              r - ring of wizardry (curse)

@: mighty, about to teleport, berserk cooldown, flying, slowed, very slow
A: negative energy resistance 1, electricity resistance, unbreathing,
petrification resistance, rot immunity, AC +6
a: no special abilities


You were on level 8 of the Dungeon.
You visited 2 branches of the dungeon, and saw 9 of its levels.

You collected 405 gold pieces.
You spent 364 gold pieces at shops.

Inventory:

Hand Weapons
 n - a +0 short sword of draining
 v - a +1 long sword of electrocution
 G - a +1 short sword of holy wrath (weapon)
Missiles
 b - 99 stones (quivered)
Armour
 c - a +0 robe
 x - the +2 leather armour "Hyiraf" (worn) {rPois}
   (You found it on level 4 of the Dungeon)

   It protects you from poison.
 y - the +3 cloak "Buusifiu" (worn) {Int+5}
   (You found it on level 5 of the Dungeon)

   It affects your intelligence (+5).
 E - a +0 pair of gloves (worn)
Jewellery
 l - an uncursed ring of attention
 m - a ring of stealth (left hand)
 r - a cursed ring of wizardry (right hand)
 B - a +4 ring of evasion
 H - an uncursed ring of flight {unknown}
Wands
 u - a wand of polymorph (7)
 z - a wand of enslavement (16)
 J - a wand of flame (25)
Scrolls
 f - 3 scrolls of enchant armour
 g - 3 scrolls of remove curse
 j - 6 scrolls of fog
 k - 2 scrolls of amnesia
 p - a scroll of teleportation
 q - 3 scrolls of enchant weapon
 A - 3 scrolls of identify
Potions
 a - a potion of ambrosia {unknown}
 e - a potion of mutation {unknown}
 h - a potion of brilliance
 i - 2 potions of degeneration
 o - 2 potions of curing
 w - 2 potions of haste


   Skills:
 + Level 1.4 Fighting
 + Level 2.3 Short Blades
 + Level 2.7 Armour
 + Level 2.6 Dodging
 + Level 4.1 Stealth
 - Level 0.2 Unarmed Combat
 + Level 6.0 Spellcasting
 + Level 1.2 Conjurations
 + Level 0.7 Transmutations
 * Level 9.7 Earth Magic


You had 5 spell levels left.
You knew the following spells:

 Your Spells              Type           Power        Failure   Level
a - Sandblast             Erth           ###...       1%          1
b - Passwall              Tmut/Erth      ##......     2%          2
c - Stone Arrow           Conj/Erth      ##....       4%          3
d - Lee's Rapid Deconstr  Erth           ###.......   7%          5
e - Petrify               Tmut/Erth      ##......     16%         4

Your spell library contained the following spells:

 Spells                   Type           Power        Failure   Level
 Animate Skeleton         Necr           #.....       13%         1
 Apportation              Tloc           #.....       13%         1
 Corona                   Hex            #......      13%         1
 Summon Small Mammal      Summ           #...         13%         1


Dungeon Overview and Level Annotations

Branches:
Dungeon (8/15)             Temple (1/1) D:5
   Lair: D:8-11

Altars:
Ashenzari
Cheibriados
Dithmenos
Elyvilon
Fedhas
Gozag
Hepliaklqana
Makhleb
Nemelex Xobeh
Okawaru
Qazlal
Ru
Sif Muna
Trog
Uskayaw
Wu Jian
Xom
Yredelemnul
The Shining One

Shops:
D:6 *   D:7 **=((

Annotations:
D:8 Grum, Pikel


Innate Abilities, Weirdness & Mutations

You are resistant to torment.
Your stone body is resilient. (AC +6)
You are immune to poison.
You resist negative energy. (rN+)
You are resistant to electric shocks. (rElec)
You can survive without breathing.
You are immune to petrification.
You are immune to rotting.


Message History

* * * LOW HITPOINT WARNING * * *
The lemure hits you.
* * * LOW HITPOINT WARNING * * *
Grum hits you with a -2 spear.
* * * LOW HITPOINT WARNING * * *
The lemure hits you but does no damage.
Pikel the Slaver comes into view.
He is wielding a +1 whip of flaming, wearing a +1 robe of cold resistance and carrying a wand of flame (17).
Grum barely misses you. The lemure hits you but does no damage.
You can move again.
Okay, then.
As you read the scroll labelled KELIAGUCIST, it crumbles to dust.
The creatures around you are filled with an inner flame!
It was a scroll of immolation.
Grum completely misses you. The lemure hits you but does no damage.
Grum misses you.
A lemure comes into view.
Unknown command.
As you read the scroll labelled ROPUMN XUAZAC, it crumbles to dust.
You feel strangely unstable.
It was a scroll of teleportation.
The lemure barely misses you. Grum hits you with a -2 spear!
You die...

# . .. ... ..). ..5K.
......################
......55@gghhgh......>###
....#.5#######o######....
# ##. #.# #.... #. ###g##
#.... #[ #..h.# #.... ##
#....# #.... ### #.h..#
#.... ....######g###
#.... .............#
##...


You could see Grum (inner flame), Pikel (inner flame), 4 lemures, 3 wolves, an
orc wizard (inner flame) and 2 gnolls.

Vanquished Creatures
  Joseph (D:8)
  An orc warrior (D:8)
  An ice beast (D:6)
  A wolf (D:8)
  5 ogres
  A centaur (D:5)
  A bullfrog (D:6)
  2 scorpions
  2 howler monkeys (D:4)
  A hound (D:5)
  A jelly (D:7)
  A bullfrog skeleton (D:4)
  An iguana (D:6)
  2 worker ants
  A hound zombie (D:4)
  A worker ant zombie (D:6)
  11 gnolls
  A howler monkey skeleton (D:7)
  9 adders
  A shadow imp (D:5)
  4 white imps
  2 oozes
  3 ufetubi
  An adder skeleton (D:7)
  5 worms
  2 dart slugs (D:1)
  2 leopard geckos (D:4)
  8 orcs
  6 giant cockroaches
  6 goblins
  7 hobgoblins
  6 jackals
  6 quokkas
  A ball python (D:3)
  14 bats
  7 frilled lizards
  5 kobolds
  A leopard gecko skeleton (D:4)
  A leopard gecko zombie (D:5)
  2 quokka skeletons (D:4)
  7 rats
141 creatures vanquished.

Vanquished Creatures (others)
  18 plants
18 creatures vanquished.

Grand Total: 159 creatures vanquished

Notes
Turn   | Place    | Note
-------+----------+-------------------------------------------
     0 | D:1      | polelong the Gargoyle Earth Elementalist began the quest
                  | for the Orb.
     0 | D:1      | Reached XP level 1. HP: 10/10 MP: 3/3
   114 | D:1      | Reached skill level 4 in Earth Magic
   114 | D:1      | Reached XP level 2. HP: 15/15 MP: 0/5
   313 | D:1      | Learned a level 2 spell: Passwall
   698 | D:1      | Reached XP level 3. HP: 19/19 MP: 4/6
  1497 | D:2      | Learned a level 3 spell: Stone Arrow
  2195 | D:2      | Reached XP level 4. HP: 24/24 MP: 5/7
  2303 | D:2      | Found a snail-covered altar of Cheibriados.
  2311 | D:2      | Became a worshipper of Cheibriados the Contemplative
  2313 | D:2      | Fell from the grace of Cheibriados
  2533 | D:2      | Found a sparkling altar of Nemelex Xobeh.
  2642 | D:2      | Found an iron altar of Okawaru.
  2965 | D:3      | Reached skill level 5 in Earth Magic
  3083 | D:3      | Found a white marble altar of Elyvilon.
  3090 | D:3      | Reached XP level 5. HP: 26/28 MP: 5/9
  3418 | D:3      | Found a hazy altar of Hepliaklqana.
  3932 | D:4      | Found a broken altar of Ashenzari.
  4069 | D:4      | Reached skill level 6 in Earth Magic
  4069 | D:4      | Reached XP level 6. HP: 31/32 MP: 7/11
  4669 | D:4      | Got a slimy leather armour
  4680 | D:4      | Identified the +2 leather armour "Hyiraf" {rPois} (You
                  | found it on level 4 of the Dungeon)
  5340 | D:5      | Entered Level 5 of the Dungeon
  5367 | D:5      | Reached skill level 7 in Earth Magic
  5367 | D:5      | Reached XP level 7. HP: 20/36 MP: 8/13
  5373 | D:5      | Learned a level 5 spell: Lee's Rapid Deconstruction
  5544 | D:5      | Got a polished cloak
  5550 | D:5      | Identified the +3 cloak "Buusifiu" {Int+5} (You found it on
                  | level 5 of the Dungeon)
  5641 | D:5      | Reached skill level 1 in Armour
  5727 | D:5      | Found a staircase to the Ecumenical Temple.
  5738 | Temple   | Entered the Ecumenical Temple
  6114 | D:5      | Reached skill level 8 in Earth Magic
  6114 | D:5      | Reached XP level 8. HP: 42/42 MP: 12/15
  6517 | D:6      | Found a white marble altar of Elyvilon.
  6529 | D:6      | Reached skill level 1 in Short Blades
  6529 | D:6      | Reached skill level 5 in Spellcasting
  7436 | D:6      | Found Pufuq's Assorted Antiques.
  7440 | D:6      | Bought a pair of gloves for 148 gold pieces
  7660 | D:7      | Found Egoculyj's Jewellery Shoppe.
  7752 | D:7      | Found Plog's Antique Weapon Shop.
  7771 | D:7      | Reached skill level 9 in Earth Magic
  8031 | D:7      | Reached skill level 1 in Conjurations
  8190 | D:7      | Found Otankec's Antique Weapon Boutique.
  8196 | D:7      | Bought a runed short sword for 216 gold pieces
  8422 | D:7      | Learned a level 4 spell: Petrify
  8661 | D:7      | Found Xitol's General Store.
  8706 | D:7      | Found Kattix's Assorted Antiques.
  8825 | D:7      | Was forgiven by Cheibriados
  8963 | D:8      | Noticed Joseph
  9017 | D:8      | Killed Joseph
  9018 | D:8      | Reached skill level 1 in Fighting
  9018 | D:8      | Reached XP level 9. HP: 44/47 MP: 5/17
  9303 | D:8      | Noticed Grum
  9361 | D:8      | Noticed Pikel
  9363 | D:8      | Mangled by Grum

Illustrated notes

Levels and vault maps discovered:
D:1:      dpeg_arrival_yet_another_circle, layout_basic, serial_bayou_pond_a
D:2:      layout_basic, lemuel_zombie_altar_kikubaaqudgha, cheibriados_altar_1,
          nicolae_overflow_hidden_temple, minmay_circled_x
D:3:      minmay_spotlight, layout_rooms, lemuel_doored_altar, elyvilon_altar_3
D:4:      layout_basic, nicolae_overflow_crystal_walls, serial_bayou_lake_a
D:5:      layout_loops_ring, minmay_temple_entry_slanted
D:6:      layout_basic, marbit_many_paths, serial_shops, kennysheep_mini_moat
D:7:      layout_cave_pods, serial_shops, shop, kennysheep_little_box,
          nicolae_shop_crystal, shop, shop
D:8:      layout_basic, uniq_joseph, uniq_grum, uniq_pikel
Temple:   dshaligram_water_room_temple

Skill      XL: |  1  2  3  4  5  6  7  8  9 |
---------------+----------------------------+-----
Earth Magic    | 4 5 6 7 8 9 |  9.7
Dodging        | 2 |  2.6
Spellcasting   | 3 4 5 6 |  6.0
Stealth        | 3 4 |  4.1
Armour         | 1 2 |  2.7
Short Blades   | 2 |  2.3
Conjurations   | 1 |  1.2
Fighting       | 1 |  1.4
Unarmed Combat | |  0.2
Transmutations | |  0.7

Action                   |  1- 3 |  4- 6 |  7- 9 || total
-------------------------+-------+-------+-------++-------
Melee: Unarmed           |    47 |       |       ||    47
       Short sword       |     2 |    43 |   118 ||   163
 Cast: Sandblast         |    49 |    90 |    62 ||   201
       Passwall          |     1 |     5 |     2 ||     8
       Stone Arrow       |     3 |     3 |    31 ||    37
       Lee's Rapid Decon |       |       |     5 ||     5
       Petrify           |       |       |     1 ||     1
Invok: Renounce Religion |       |     1 |       ||     1
  Use: Scroll            |     2 |     5 |     3 ||    10
       Potion            |     1 |       |    15 ||    16
 Stab: Petrified         |       |       |     9 ||     9
Armor: Robe              |    31 |    29 |       ||    60
       Leather armour    |       |       |    86 ||    86
Dodge: Dodged            |    40 |    36 |    97 ||   173

Table legend: (Time is in decaauts)
 A = Elapsed time spent in this place.
 B = Non-inter-level travel time spent in this place.
 C = Inter-level travel time spent in this place.
 D = Time resting spent in this place.
 E = Time spent auto-exploring this place.
 F = Levels seen in this place.
 G = Mean time per level.
                   A        B        C        D        E       F      G
               +--------+--------+--------+--------+--------+-----+--------+
         Total |  10341 |   9731 |    610 |   2255 |   6096 |   9 | 1149.0 |
       Dungeon |  10166 |   9723 |    443 |   2255 |   6096 |   8 | 1270.8 |
        Temple |    174 |      8 |    166 |      0 |      0 |   1 |  174.0 |
               +--------+--------+--------+--------+--------+-----+--------+

Top non-repeatable levels by time:
     D:4: 1839 daAuts
     D:2: 1739 daAuts
     D:7: 1468 daAuts
     D:6: 1332 daAuts
     D:3: 1167 daAuts
     D:5: 1160 daAuts
     D:1: 1062 daAuts
     D:8: 397 daAuts
  Temple: 174 daAuts
